 Dungeon Crawl Stone Soup version 0.28.0 (webtiles) character file.

Game seed: 3750402307004363833

301 zeram the Ducker (level 6, 0/32 HPs)
             Began as a Spriggan Fighter on Feb 5, 2022.
             Slain by an orc (4 damage)
             ... on level 3 of the Dungeon.
             The game lasted 00:08:27 (4882 turns).

zeram the Ducker (Spriggan Fighter)                 Turns: 4882, Time: 00:08:28

Health: 0/32       AC:  2    Str: 12    XL:     6   Next: 14%
Magic:  7/7        EV: 18    Int: 12    God:
Gold:   108        SH:  6    Dex: 14    Spells: 3/5 levels left

rFire   . . .      SeeInvis +   a - +0 rapier
rCold   . . .      Faith    .   c - +0 buckler
rNeg    . . .      Spirit   .   b - +0 robe
rPois   .          Reflect  .   (helmet restricted)
rElec   .          Harm     .   (no cloak)
rCorr   .          Rampage  .   (gloves unavailable)
Will    +....                   (boots unavailable)
Stlth   +.........              (no amulet)
HPRegen 0.00/turn               (no ring)
MPRegen 0.10/turn               (no ring)

@: lethally poisoned (0 -> -11), inhibited regen, very quick
A: very small, no large weapons, unfitting armour, see invisible, speed 3,
deterioration 1, inhibited regeneration
a: no special abilities


You were on level 3 of the Dungeon.
You visited 1 branch of the dungeon, and saw 4 of its levels.

You collected 108 gold pieces.

Inventory:

Hand Weapons
 a - a +0 rapier (weapon)
Armour
 b - a +0 robe (worn)
 c - a +0 buckler (worn)
Scrolls
 i - a scroll of teleportation
Potions
 f - a potion of brilliance {unknown}
 h - a potion of berserk rage {unknown}


   Skills:
 - Level 2.4 Fighting
 + Level 5.7 Short Blades
 + Level 5.7 Dodging
 + Level 2.8 Shields


You had 3 spell levels left.
You knew the following spells:

 Your Spells              Type           Power      Damage    Failure   Level
a - Ensorcelled Hibernat  Hex/Ice        0%         N/A       71%         2

Your spell library contained the following spells:

 Spells                   Type           Power      Damage    Failure   Level
 Passwall                 Tmut/Erth      0%         N/A       71%         2
 Swiftness                Air            0%         N/A       90%         3
 Alistair's Intoxication  Tmut/Pois      0%         N/A       100%        5
 Summon Forest            Summ/Tloc      0%         N/A       100%        5
 Dragon's Call            Summ           0%         N/A       100%        9


Dungeon Overview and Level Annotations

Branches:
Dungeon (4/15)
 Temple: D:4-7

Altars:

Shops:
D:2 *


Innate Abilities, Weirdness & Mutations

You are very small and have problems with some larger weapons.
You are too small for most types of armour.
You have supernaturally acute eyesight. (SInv)
You cover ground extremely quickly. (Speed+++)
Your body sometimes deteriorates upon taking damage.
You do not regenerate when monsters are visible.


Message History

The water moccasin bites you. The water moccasin bites you.
The water moccasin misses you.
There is a stone staircase leading up here.
There is a stone staircase leading up here.
You climb upwards.
There is a stone staircase leading down, spattered with blood here.
You start resting.
HP restored.
Done exploring.
(D) Dungeon
Where to? (Enter - D:4, ? - help)
You climb downwards.
The water moccasin bites you.
You are poisoned.
The water moccasin poisons you! The water moccasin bites you!
There is a stone staircase leading up, spattered with blood here.
Okay, then.
You puncture the water moccasin!
The water moccasin is moderately wounded.
You feel very sick. You block the water moccasin's attack.
The water moccasin bites you.
You are lethally poisoned!
The water moccasin poisons you!
You miss the water moccasin.
The water moccasin is moderately wounded.
You feel very sick. You block the orc's attack.
The water moccasin closely misses you.
You puncture the water moccasin!
The water moccasin is heavily wounded.
* * * LOW HITPOINT WARNING * * *
You feel very sick. You block the water moccasin's attack.
The orc barely misses you. You block the water moccasin's attack.
Unknown command.
It was a potion of mutation.
You feel extremely strange.
You feel yourself wasting away.
Your regeneration stops near monsters.
* * * LOW HITPOINT WARNING * * *
You feel very sick. The orc hits you with a +0 club.
You die...

#.#..P#......)......#
#.##b##......##.###.#
#.#####.##....>..S.[#
#.......##.....####>.
##########..#######..
##...........
####.....####...
###......####...#.
##@S.##..####..###.
####.o##....###..## #(
#....###.##...(.#####.
######.###....o..######....
###......##...#..).#
#....###
#...........<...##.###.####
#.##...............##..#
####........######.....#####
#.......................##


You could see a water moccasin and an orc.

Vanquished Creatures
  Sigmund (D:3)
  Jessica (D:3)
  Terence (D:2)
  An orc wizard (D:2)
  3 adders
  2 worms
  A dart slug (D:2)
  5 orcs
  4 bats
  3 endoplasms
  A giant cockroach (D:1)
  3 goblins
  2 hobgoblins
  4 jackals
  5 kobolds
  2 quokkas (D:2)
  5 ball pythons
  A frilled lizard (D:3)
  8 rats
53 creatures vanquished.

Notes
Turn   | Place    | Note
-------+----------+-------------------------------------------
     0 | D:1      | zeram the Spriggan Fighter began the quest for the Orb.
     0 | D:1      | Reached XP level 1. HP: 11/11 MP: 2/2
    10 | D:1      | Found a faded altar of an unknown god.
   389 | D:1      | Reached XP level 2. HP: 16/16 MP: 3/3
   880 | D:2      | Found Vamum's General Store.
  1468 | D:2      | Got the Guide on Creative Envenoming
  1528 | D:2      | Reached XP level 3. HP: 14/19 MP: 4/4
  2618 | D:3      | Noticed Terence
  2682 | D:2      | Killed Terence
  2683 | D:2      | Reached skill level 5 in Dodging
  2683 | D:2      | Reached XP level 4. HP: 12/23 MP: 5/5
  3004 | D:3      | Noticed Sigmund
  3532 | D:3      | Killed Sigmund
  3533 | D:3      | Reached skill level 5 in Short Blades
  3533 | D:3      | Reached XP level 5. HP: 21/27 MP: 6/6
  3538 | D:3      | Learned a level 2 spell: Ensorcelled Hibernation
  4180 | D:2      | Reached XP level 6. HP: 32/32 MP: 7/7
  4308 | D:3      | Noticed Jessica
  4318 | D:3      | Killed Jessica
  4551 | D:4      | Noticed a water moccasin
  4882 | D:3      | Gained mutation: Your body sometimes deteriorates upon
                  | taking damage. [potion of mutation]
  4882 | D:3      | Gained mutation: You do not regenerate when monsters are
                  | visible. [potion of mutation]
  4882 | D:3      | Slain by an orc

Illustrated notes

Levels and vault maps discovered:
D:1:      saegor_arrival_simple_e, layout_loops_ring,
          hellmonk_ecumenical_altar_run_dry
D:2:      layout_basic, serial_shops, nicolae_shop_advertising_works
          [nicolae_subvault_shop_adworks]
D:3:      layout_rooms, serial_aquarium, aquarium_bridge_square
          [aquarium_subvault_wall, aquarium_subvault_balcony,
          aquarium_subvault_bridge, aquarium_subvault_window],
          aquarium_window_2, aquarium_window_1, aquarium_window_double,
          aquarium_window_3, aquarium_view_2c, aquarium_view_2a, uniq_terence,
          uniq_sigmund, uniq_jessica
D:4:      layout_gridville, temple_fountains, nicolae_ossuary_entry_monument,
          minivault_27, chequers_serial_rivers_marsh

Skill      XL: |  1  2  3  4 |
---------------+-------------+-----
Short Blades   | 3 5 |  5.7
Dodging        | 5 |  5.7
Fighting       | |  2.4
Shields        | |  2.8

Action                   |  1- 3 |  4- 6 || total
-------------------------+-------+-------++-------
Melee: Rapier            |   106 |   126 ||   232
  Use: Scroll            |     3 |     1 ||     4
       Potion            |     1 |     3 ||     4
 Stab: Sleeping          |     3 |       ||     3
Armor: Robe              |     7 |     8 ||    15
Dodge: Dodged            |    84 |    80 ||   164
Block: Buckler           |    24 |    45 ||    69
